 Dungeon Crawl Stone Soup version 0.21.0-3-g78d12a8 (console) character file.

120146 Duffy the Arsonist (level 15, 7/126 HPs)
             Began as a Demigod Fire Elementalist on Jan 17, 2018.
             Quit the game on level 2 of the Swamp on Jan 18, 2018.
             The game lasted 01:29:00 (38668 turns).

Duffy the Arsonist (Demigod Fire Elementalist)     Turns: 38668, Time: 01:29:01

Health: 7/126      AC: 17    Str: 11    XL:     15   Next: 82%
Magic:  15/34      EV: 20    Int: 32    God:
Gold:   1968       SH:  0    Dex: 16    Spells: 1/35 levels left

rFire    . . .     SeeInvis .   a - staff of conjuration
rCold    . . .     Gourm    .   (no shield)
rNeg     . . .     Faith    .   s - +2 robe {MR+}
rPois    +         Spirit   .   F - +2 hat {Int+3}
rElec    .         Reflect  .   y - +2 cloak {rPois}
rCorr    .         Harm     .   J - +2 pair of gloves
MR       ++...                  O - +2 pair of boots {run}
Stlth    ++........             M - amulet of magic regeneration
HPRegen  0.31/turn              v - ring of poison resistance
MPRegen  0.49/turn              j - +2 ring of protection

@: quick
A: high mp 1
a: no special abilities


You were on level 2 of the Swamp.
You were near starving.

You visited 5 branches of the dungeon, and saw 26 of its levels.
You also visited: Labyrinth and Volcano.

You collected 3144 gold pieces.
You spent 1176 gold pieces at shops.

Inventory:

Armour
 s - a +2 robe of magic resistance (worn)
 y - a +2 cloak of poison resistance (worn)
 F - a +2 hat of intelligence (worn)
 J - a +2 pair of gloves (worn)
 O - a +2 pair of boots of running (worn)
Magical Staves
 a - an uncursed staff of conjuration (weapon)
Jewellery
 f - an uncursed ring of flight
 j - a +2 ring of protection (right hand)
 r - an uncursed ring of ice
 t - an uncursed ring of see invisible
 v - a ring of poison resistance (left hand)
 D - an uncursed ring of wizardry
 M - an amulet of magic regeneration (around neck)
 W - an uncursed ring of resist corrosion
Wands
 g - a wand of digging (8)
 m - a wand of polymorph (9)
 n - a wand of acid (1)
 z - a wand of disintegration (2)
 C - a wand of paralysis (24)
 S - a wand of flame (46)
Scrolls
 d - 3 scrolls of fog
 e - 16 scrolls of remove curse
 h - 3 scrolls of blinking
 l - a scroll of teleportation
 o - 4 scrolls of amnesia
 q - 2 scrolls of summoning
 B - 3 scrolls of fear
 E - 3 scrolls of magic mapping
 G - 2 scrolls of vulnerability
 K - 9 scrolls of identify
 N - 3 scrolls of immolation
Potions
 i - 2 potions of cancellation
 k - a potion of invisibility
 p - 11 potions of curing
 w - 2 potions of haste
 x - a potion of brilliance
 A - 3 potions of mutation
 H - 2 potions of agility
 I - 2 potions of resistance
 L - a potion of ambrosia
 R - 2 potions of flight
 X - 2 potions of heal wounds
Books
 b - a book of Fire

   Spells                             Type                      Level
   a - Ignite Poison                  Fire/Transmutation/Poison    3
   b - Fireball                       Conjuration/Fire             5
   c - Bolt of Fire                   Conjuration/Fire             6
   d - Ring of Flames                 Charms/Fire                  7
   e - Ignition                       Fire                         8
 Q - a book of Summonings

   Spells                             Type                      Level
   a - Recall                         Summoning/Translocation      3
   b - Aura of Abjuration             Summoning                    5
   c - Summon Demon                   Summoning                    5
   d - Summon Forest                  Summoning/Translocation      5
   e - Summon Mana Viper              Hexes/Summoning              5
   f - Shadow Creatures               Summoning                    6
 T - a book of the Earth

   Spells                             Type                      Level
   a - Leda's Liquefaction            Hexes/Earth                  4
   b - Bolt of Magma                  Conjuration/Fire/Earth       5
   c - Statue Form                    Transmutation/Earth          6
   d - Iron Shot                      Conjuration/Earth            6
   e - Shatter                        Earth                        9
Miscellaneous
 P - a sack of spiders
 U - a lightning rod (4/4)
 V - a phantom mirror
Comestibles
 c - 23 rations


   Skills:
 - Level 10.0 Fighting
 - Level 11.2 Dodging
 - Level 1.7 Stealth
 + Level 10.7 Spellcasting
 - Level 13.0 Conjurations
 - Level 3.0 Charms
 - Level 3.0 Necromancy
 - Level 2.0 Translocations
 - Level 13.0 Fire Magic
 * Level 6.0 Earth Magic
 - Level 4.0 Evocations


You had one spell level left.
You knew the following spells:

 Your Spells              Type           Power        Failure   Level  Hunger
a - Iskenderun's Mystic   Conj           ########     1%          4    None
b - Flame Tongue          Conj/Fire      #####        0%          1    None
c - Iron Shot             Conj/Erth      #######...   9%          6    #####..
h - Bolt of Fire          Conj/Fire      ########..   1%          6    #####..
j - Sticky Flame          Conj/Fire      ########     1%          4    None
k - Fireball              Conj/Fire      ########..   1%          5    ##.....
l - Conjure Flame         Conj/Fire      ########     1%          3    None
y - Regeneration          Chrm/Necr      #####.....   2%          3    None
B - Blink                 Tloc           N/A          1%          2    None


Dungeon Overview and Level Annotations

Branches:
Dungeon (15/15)            Temple (0/1) D:6            Lair (6/6) D:9
  Swamp (2/4) Lair:3       Spider (0/4) Lair:3        Slime (0/5) Lair:6
    Orc (2/2) D:10            Elf (1/3) Orc:2        Vaults (0/5) D:14
 Depths (0/5) D:15

Shops:
D:4 }   D:6 (   D:8 :[   Orc:2 =*[(

Annotations:
Lair:6 1 runed door
Swamp:2 Jorgrun, Louise


Innate Abilities, Weirdness & Mutations

You have an increased reservoir of magic. (+10% MP)


Message History

The eight-headed hydra bites you!
The eight-headed hydra bites you but does no damage.
The eight-headed hydra completely misses you.
The eight-headed hydra bites you!!
Really walk into that cloud of spectral mist?
You are engulfed in spectral mist.
Your surroundings suddenly seem different.
Louise the Corrupted comes into view.
She is wielding a demon trident of pain.
Louise shouts!
Jorgrun Earthshaker comes into view.
He is wielding a quarterstaff of crushing.
Jorgrun shouts!
An eight-headed hydra comes into view.
The eight-headed hydra roars!
You hear a roar!
The alligator puts on a burst of speed!
Louise gestures wildly while chanting.
Louise blinks!
Jorgrun hits you with a quarterstaff of crushing!
Found a leather armour, a dagger and a scroll of identify.
A tyrant leech, an alligator and a swamp drake come into view.
Are you sure you want to abandon this character and quit the game? (Confirm with "yes".)

7..~~~~~).~0.
~~~~~~~~@...
~~~~~~~.t.~
7...0.....~
7~.D...~~.7
77[.w~.~~~~.
7..~~~.~~~~.
7...@g..~~..
7.~~.0~~.~..~
.
7.~~.~~...~.~
~
77..~~0..~~~~
~
7~77~...~~~7
. 77
77~.~..~7 .
k~~.... ~
..~~?.~ ~


You could see Jorgrun, Louise, an alligator, an eight-headed hydra, a tyrant
leech and a swamp drake.

Vanquished Creatures
  Gastronok (D:8)
  Kirke (Lair:4)
  A stone giant (Orc:2)
  2 dire elephants
  4 ettins
  A minotaur (Lab)
  A great orb of eyes (D:15)
  8 hydras
  A merfolk avatar (Lair:6)
  4 centaur warriors
  3 catoblepae
  9 two-headed ogres
  A dancing weapon (Orc:2)
  7 alligators (Swamp:1)
  An ogre mage (D:15)
  A tengu warrior (D:13)
  A death yak (Lair:3)
  6 deep elf knights
  Sonja (D:14)
  A hell knight (Volcano)
  An unseen horror (D:14)
  2 wizards
  A spriggan druid (Swamp:2)
  3 swamp dragons
  12 deep elf magi
  An orc knight (D:14)
  A harpy (Lair:6)
  14 ugly things
  A wolf spider (D:14)
  12 cyclopes
  5 manticores
  2 molten gargoyles (Volcano)
  6 black mambas
  7 elephants
  23 spiny frogs
  5 gargoyles
  A torpor snail (Lair:4)
  7 rime drakes
  17 komodo dragons
  A yaktaur (Volcano)
  A kobold demonologist (D:14)
  A redback zombie (D:14)
  An efreet (D:15)
  3 polar bears
  2 tyrant leeches (Swamp:1)
  7 trolls
  Prince Ribbit (D:7)
  A wind drake (Lair:6)
  6 hornets
  9 slime creatures
  9 blink frogs
  6 bog bodies (Swamp:1)
  7 hippogriffs
  13 spriggans
  An air elemental (Elf:1)
  2 shadows
  25 yaks
  A tarantella (Lair:3)
  Eustachio (D:5)
  3 wyverns
  A fire elemental (Elf:1)
  3 hogs (Lair:3)
  3 basilisks
  4 fire bats
  Grum (Lair:1)
  A hungry ghost (D:7)
  A steam dragon (D:13)
  10 vampire mosquitoes (Swamp:1)
  5 swamp worms (Swamp:1)
  3 wargs (Orc:2)
  2 acid dragons
  15 water moccasins
  9 porcupines
  2 ice beasts
  23 orc warriors
  4 phantoms
  10 sky beasts
  A black bear (D:9)
  An eye of draining (D:11)
  15 ogres
  3 boggarts (Lair:3)
  14 wolves
  15 centaurs
  13 crocodiles
  2 big kobolds (D:14)
  27 bullfrogs
  A wyvern zombie (D:14)
  2 wyvern skeletons
  3 scorpions
  5 howler monkeys
  4 electric eels (Lair:3)
  10 crimson imps
  A lava snake (Volcano)
  2 quasits (D:7)
  A bullfrog skeleton (D:8)
  20 orc priests
  3 centaur zombies
  8 hounds
  2 jellies
  21 orc wizards
  Crazy Yiuf (D:5)
  6 centaur skeletons
  9 iguanas
  Natasha (thrice) (D:3)
  5 hell rats (Lair:5)
  9 worker ants
  A hound zombie (D:9)
  3 hound skeletons
  A worker ant zombie (D:5)
  9 adders
  3 gnolls (Orc:2)
  2 shadow imps
  6 leopard geckos
  77 orcs
  2 ball pythons
  3 giant cockroaches
  3 goblins (D:1)
  4 hobgoblins
  10 jackals
  7 kobolds
  4 quokkas
  3 bats
  3 frilled lizards
  14 rats
  A plant (Lair:6)
737 creatures vanquished.

Vanquished Creatures (others)
  3 dancing weapons (Elf:1)
  A water elemental (Elf:1)
  18 fungi
  13 plants
35 creatures vanquished.

Grand Total: 772 creatures vanquished

Notes
Turn   | Place    | Note
-------+----------+-------------------------------------------
     0 | D:1      | Duffy the Demigod Fire Elementalist began the quest for the Orb.
     0 | D:1      | Reached XP level 1. HP: 14/14 MP: 5/5
    34 | D:1      | Reached skill level 1 in Conjurations
   389 | D:1      | Reached XP level 2. HP: 20/20 MP: 4/7
  1596 | D:2      | Reached XP level 3. HP: 26/26 MP: 6/8
  1601 | D:2      | Learned a level 3 spell: Conjure Flame
  2674 | D:3      | Noticed Natasha
  2682 | D:3      | Killed Natasha
  2682 | D:3      | Reached XP level 4. HP: 17/33 MP: 2/9
  2713 | D:3      | Noticed Natasha
  3200 | D:4      | Found Fehableumm's Gadget Emporium.
  3200 | D:4      | Noticed an ogre
  3257 | D:4      | Killed an ogre
  3257 | D:4      | Reached XP level 5. HP: 38/38 MP: 0/11
  3521 | D:4      | Learned a level 4 spell: Sticky Flame
  3594 | D:4      | Got a faintly humming scale mail
  3605 | D:4      | Identified the cursed +1 scale mail of the Armoured One {MR+ rCorr} (You found it on level 4 of the Dungeon)
  4029 | D:4      | Reached XP level 6. HP: 37/45 MP: 3/13
  4128 | D:3      | Killed Natasha
  4203 | D:3      | Noticed Natasha
  4208 | D:3      | Killed Natasha
  4302 | D:5      | Entered Level 5 of the Dungeon
  4353 | D:5      | Noticed a water moccasin
  4521 | D:4      | Killed a water moccasin
  5083 | D:5      | Reached skill level 5 in Conjurations
  5083 | D:5      | Reached XP level 7. HP: 50/50 MP: 6/14
  5360 | D:5      | Found a runed door.
  5364 | D:5      | Noticed Crazy Yiuf
  5369 | D:5      | Killed Crazy Yiuf
  5369 | D:5      | Reached skill level 5 in Fire Magic
  5525 | D:6      | Noticed Eustachio
  5619 | D:5      | Killed Eustachio
  5932 | D:6      | Found a staircase to the Ecumenical Temple.
  5970 | D:6      | Found a bloodstained altar of Trog.
  6523 | D:6      | Learned a level 5 spell: Fireball
  6635 | D:6      | Found Mesemeiw's Antique Weapon Emporium.
  6661 | D:6      | Found a hide-covered altar of Uskayaw.
  6676 | D:6      | Reached XP level 8. HP: 57/57 MP: 9/17
  6820 | D:6      | Found an ancient bone altar of Kikubaaqudgha.
  7019 | D:6      | Reached skill level 1 in Fighting
  7652 | D:7      | Found a burning altar of Makhleb.
  8039 | D:7      | Reached XP level 9. HP: 71/72 MP: 7/19
  8133 | D:7      | Noticed Prince Ribbit
  8220 | D:7      | Reached skill level 5 in Dodging
  8243 | D:7      | Found a sparkling altar of Nemelex Xobeh.
  8383 | D:7      | Killed Prince Ribbit
  8383 | D:7      | Reached skill level 5 in Fighting
  8383 | D:7      | Reached skill level 1 in Evocations
  9125 | D:8      | Found an iron altar of Okawaru.
  9509 | D:8      | Found Sots's Antique Armour Boutique.
 10113 | D:8      | Noticed Gastronok
 10128 | D:8      | Killed Gastronok
 10128 | D:8      | Reached XP level 10. HP: 55/90 MP: 11/20
 10303 | D:8      | Found Mamocum's Book Shoppe.
 10392 | D:8      | Bought a runed robe for 70 gold pieces
 10413 | D:8      | Bought a pair of glowing boots for 142 gold pieces
 10424 | D:8      | Bought a transparent ring mail for 171 gold pieces
 10434 | D:8      | Identified the +2 ring mail of Least Resistance {Dex+4} (You bought it in a shop on level 8 of the Dungeon)
 10548 | D:9      | Found a staircase to the Lair.
 10937 | D:9      | Found a glowing golden altar of the Shining One.
 12255 | D:10     | Entered Level 10 of the Dungeon
 12398 | D:10     | Noticed a wizard
 12420 | D:10     | Killed a wizard
 12420 | D:10     | Reached skill level 5 in Spellcasting
 12549 | D:10     | Learned a level 2 spell: Blink
 12554 | D:10     | Learned a level 4 spell: Iskenderun's Mystic Blast
 12590 | D:10     | Noticed a two-headed ogre
 12602 | D:10     | Killed a two-headed ogre
 13183 | D:10     | Reached XP level 11. HP: 81/95 MP: 2/22
 13829 | D:10     | Found a staircase to the Orcish Mines.
 14620 | D:11     | Found a sparkling altar of Nemelex Xobeh.
 14988 | Lair:1   | Entered Level 1 of the Lair of Beasts
 15382 | Lair:1   | Noticed Grum
 15389 | Lair:1   | Killed Grum
 15867 | Lair:1   | Learned a level 3 spell: Regeneration
 16121 | Lair:1   | Reached skill level 1 in Charms
 16121 | Lair:1   | Reached skill level 1 in Necromancy
 16436 | Lair:2   | Noticed a catoblepas
 17438 | Lair:2   | Reached skill level 1 in Translocations
 17948 | Lair:2   | Reached XP level 12. HP: 98/103 MP: 5/26
 18042 | Lair:2   | Noticed an eight-headed hydra
 18274 | Lair:2   | Noticed a four-headed hydra
 18277 | Lair:2   | Killed a four-headed hydra
 18387 | Lair:2   | Killed a catoblepas
 18670 | Lair:2   | Killed an eight-headed hydra
 18899 | Lair:3   | Reached skill level 10 in Fire Magic
 18979 | Lair:3   | Reached skill level 10 in Conjurations
 18998 | Lair:3   | Found a staircase to the Swamp.
 19059 | Lair:3   | Found a hole to the Spider Nest.
 19153 | Lair:3   | Found a dark tunnel.
 19189 | Volcano  | Entered a volcano
 19581 | Volcano  | Found a burning altar of Makhleb.
 19581 | Volcano  | Noticed a centaur warrior
 19587 | Volcano  | Killed a centaur warrior
 20436 | Lair:3   | Reached XP level 13. HP: 110/110 MP: 20/29
 20956 | Lair:3   | Learned a level 6 spell: Bolt of Fire
 21310 | Lair:4   | Noticed Kirke
 22389 | Lair:4   | Noticed a sphinx
 22390 | Lair:4   | Killed Kirke
 23757 | Lair:6   | Entered Level 6 of the Lair of Beasts
 24352 | Lair:6   | Noticed a dire elephant
 24514 | Lair:5   | Killed a dire elephant
 25156 | Lair:6   | Reached XP level 14. HP: 116/116 MP: 19/31
 25384 | Lair:6   | Found a runed door.
 25384 | Lair:6   | Found a viscous altar of Jiyva.
 25386 | Lair:6   | Found a staircase to the Slime Pits.
 25739 | Lair:6   | Got a slimy hand axe
 25740 | Lair:6   | Identified the +7 hand axe of Disgust {speed, rF- rC++ Str+5} (You found it on level 6 of the Lair of Beasts)
 26307 | Orc:1    | Entered Level 1 of the Orcish Mines
 27442 | Orc:2    | Entered Level 2 of the Orcish Mines
 27442 | Orc:2    | Found Tuwaex's Jewellery Shop.
 27775 | Orc:2    | Found Mytoez's General Store.
 27943 | Orc:2    | Found a staircase to the Elven Halls.
 28103 | Orc:2    | Reached skill level 10 in Spellcasting
 28543 | Orc:2    | Found Sirghe Soisi's Antique Armour Shoppe.
 28697 | Orc:2    | Found Hueggint's Antique Weapon Emporium.
 28998 | Orc:2    | Bought a warped leather armour for 210 gold pieces
 29008 | Orc:2    | Identified the +0 leather armour of the Monkey's Uncle {rElec rF+++ rC- MR-} (You bought it in a shop on level 2 of the Orcish Mines)
 29019 | Orc:2    | Bought a pair of embroidered boots for 225 gold pieces
 29029 | Orc:2    | Bought a pair of glowing boots for 225 gold pieces
 29039 | Orc:2    | Identified a +2 pair of boots of running (You bought it in a shop on level 2 of the Orcish Mines)
 31116 | D:14     | Reached skill level 10 in Fighting
 32125 | D:15     | Entered Level 15 of the Dungeon
 32191 | D:15     | Reached XP level 15. HP: 126/126 MP: 19/33
 32209 | D:15     | Found a labyrinth entrance.
 32218 | Lab      | Entered a labyrinth
 33390 | D:14     | Noticed Sonja
 33397 | D:14     | Killed Sonja
 33502 | D:14     | Reached skill level 10 in Dodging
 33706 | D:14     | Found a gate to the Vaults.
 33949 | D:14     | Paralysed by an orc for 4 turns
 34664 | D:14     | Learned a level 6 spell: Iron Shot
 34789 | D:15     | Reached skill level 1 in Earth Magic
 34922 | D:15     | Found a staircase to the Depths.
 35922 | D:8      | Bought a runed hat for 133 gold pieces
 36093 | Elf:1    | Entered Level 1 of the Elven Halls
 37203 | Swamp:1  | Entered Level 1 of the Swamp
 37685 | Swamp:1  | Reached skill level 5 in Earth Magic
 38661 | Swamp:2  | Noticed a thorn hunter
 38667 | Swamp:2  | Noticed Louise
 38667 | Swamp:2  | Noticed Jorgrun
 38668 | Swamp:2  | Quit the game

Skill      XL: |  1  2  3  4  5  6  7  8  9 10 11 12 13 14 15 |
---------------+----------------------------------------------+-----
Conjurations   | 2 3 4 5 6 7 9 10 12 13 | 13.0
Spellcasting   | 2 3 4 5 6 8 9 10 | 10.7
Fire Magic     | 3 4 6 7 9 11 12 13 | 13.0
Dodging        | 4 5 8 11 | 11.2
Fighting       | 4 8 10 | 10.0
Evocations     | 4 |  4.0
Charms         | 3 |  3.0
Necromancy     | 3 |  3.0
Translocations | 2 |  2.0
Earth Magic    | 6 |  6.0
Stealth        | |  1.7

Action                   |  1- 3 |  4- 6 |  7- 9 | 10-12 | 13-15 || total
-------------------------+-------+-------+-------+-------+-------++-------
Melee: Quarterstaff      |       |       |    26 |     4 |       ||    30
       Dagger            |       |       |     8 |       |       ||     8
       Staff             |       |       |       |     2 |    16 ||    18
 Cast: Flame Tongue      |    78 |    62 |   209 |   353 |     1 ||   703
       Conjure Flame     |       |     4 |    10 |    42 |    14 ||    70
       Sticky Flame      |       |     3 |    35 |    84 |    26 ||   148
       Fireball          |       |       |       |    51 |   143 ||   194
       Iskenderun's Myst |       |       |       |    18 |   484 ||   502
       Regeneration      |       |       |       |     5 |     8 ||    13
       Bolt of Fire      |       |       |       |       |    76 ||    76
       Blink             |       |       |       |       |     9 ||     9
Evoke: Wand              |       |       |    12 |    43 |    38 ||    93
       Lightning rod     |       |       |       |       |     4 ||     4
  Use: Scroll            |     1 |     6 |     4 |    14 |    20 ||    45
       Potion            |       |       |       |     2 |     5 ||     7
  Eat: Chunk             |     6 |     8 |    20 |    38 |    48 ||   120
       Ration            |       |       |     1 |     3 |    12 ||    16
Armor: Leather armour    |     3 |     6 |    15 |       |       ||    24
       Robe              |       |       |    27 |    45 |    72 ||   144
       Ring mail         |       |       |       |     5 |    63 ||    68
Dodge: Dodged            |    22 |    16 |   101 |   129 |   234 ||   502
Block: Other             |       |       |    17 |    17 |       ||    34
       Reflection        |       |       |     2 |     3 |       ||     5
